 Dungeon Crawl Stone Soup version 0.27-a0-1232-gc6a4cbde82 (webtiles) character file.

Game seed: 4559355368130095868

69 Shayle the Skirmisher (level 4, -5/48 HPs)
             Began as an Ogre Warper on June 9, 2021.
             Slain by a killer bee zombie (6 damage)
             ... on level 4 of the Dungeon.
             The game lasted 00:06:24 (2613 turns).

Shayle the Skirmisher (Ogre Warper)                 Turns: 2613, Time: 00:06:25

Health: -5/48      AC:  3    Str: 15    XL:     4   Next: 20%
Magic:  7/7        EV: 10    Int: 15    God:
Gold:   50         SH:  0    Dex:  8    Spells: 7/7 levels left

rFire    . . .     SeeInvis .   a - +0 spear
rCold    . . .     Faith    .   (no shield)
rNeg     . . .     Spirit   .   b - +0 robe
rPois    .         Reflect  .   (helmet restricted)
rElec    .         Harm     .   (no cloak)
rCorr    .         Rampage  .   (gloves unavailable)
Will     .....                  (boots unavailable)
Stlth    +.........             (no amulet)
HPRegen  0.16/turn              (no ring)
MPRegen  0.10/turn              (no ring)

@: no status effects
A: large, unfitting armour, tough skin 1
a: no special abilities


You were on level 4 of the Dungeon.
You visited 1 branch of the dungeon, and saw 4 of its levels.

You collected 50 gold pieces.

Inventory:

Hand Weapons
 a - a +0 spear (weapon)
Missiles
 e - 2 boomerangs of dispersal (quivered)
 g - 3 javelins
Armour
 b - a +0 robe (worn)
Scrolls
 c - 2 scrolls of vulnerability
 d - a scroll of blinking
 f - a scroll of identify
 j - a scroll of torment
Potions
 h - a potion of invisibility
 i - a potion of mutation


   Skills:
 + Level 4.0 Fighting
 + Level 3.0 Polearms
 - Level 1.0 Throwing
 + Level 2.9 Dodging
 - Level 2.4 Spellcasting
 - Level 2.6 Translocations


You had 7 spell levels left.
You didn't know any spells.
Your spell library contained the following spells:

 Spells                   Type           Power      Damage    Failure   Level
 Blink                    Tloc           N/A        N/A       11%         2
 Gell's Gravitas          Tloc           4%         N/A       22%         3
 Lesser Beckoning         Tloc           4%         N/A       22%         3
 Teleport Other           Tloc           9%         N/A       22%         3
 Manifold Assault         Tloc           9%         N/A       89%         5


Dungeon Overview and Level Annotations

Branches:
Dungeon (4/15)
 Temple: D:4-7

Altars:
Trog


Innate Abilities, Weirdness & Mutations

You are too large for most types of armour.
You have tough skin. (AC +1)


Message History

The orc hits you with a +0 flail!
* * * LOW HITPOINT WARNING * * *
You closely miss the orc.
The orc is almost dead.
The orc completely misses you.
You hit the orc but do no damage.
The orc is almost dead.
The orc barely misses you.
You hit the orc.
You kill the orc!
Your Fighting skill increases to level 4!
Your Polearms skill increases to level 3!
Things that are here:
a +0 flail; a +0 leather armour You start resting.
A killer bee zombie comes into view.
Found a scroll labelled SITSAMASHRI.
You now have 50 gold pieces (gained 12).
Found a stone staircase leading down.
Found a rapier.
You start resting.
A killer bee zombie is nearby!
The killer bee zombie misses you.
Found a club.
The killer bee zombie hits you.
The killer bee zombie completely misses you.
Found a robe.
The killer bee zombie hits you.
The killer bee zombie closely misses you.
The killer bee zombie hits you. The killer bee zombie hits you.
* * * LOW HITPOINT WARNING * * *
The killer bee zombie hits you.
* * * LOW HITPOINT WARNING * * *
Found 10 stones.
There is a stone staircase leading down here.
The killer bee zombie hits you.
* * * LOW HITPOINT WARNING * * *
The killer bee zombie hits you.
You die...

##.#.# ..#..##
#.#.##..##..
#.#....# ..
#.#.#..##.#
###.........#
#...#.)..####
##........#
.###...Z..)#.....
(......@...###...
#..........# [..
#..........# ..
#..........#
#...#......#
#...#......# #..
#......# #.
########


You could see a killer bee zombie.

Vanquished Creatures
  2 adders
  2 worms (D:2)
  A dart slug (D:2)
  3 orcs
  5 endoplasms
  3 giant cockroaches (D:2)
  4 goblins
  2 hobgoblins
  2 jackals (D:3)
  3 ball pythons (D:1)
  4 bats
  A frilled lizard (D:1)
  2 kobolds
  3 rats
37 creatures vanquished.

Notes
Turn   | Place    | Note
-------+----------+-------------------------------------------
     0 | D:1      | Shayle the Ogre Warper began the quest for the Orb.
     0 | D:1      | Reached XP level 1. HP: 22/22 MP: 3/3
   282 | D:1      | Reached skill level 3 in Fighting
   287 | D:1      | Reached XP level 2. HP: 25/31 MP: 5/5
   870 | D:1      | You fall into a shaft and drop 1 floor!
  1180 | D:2      | Found a bloodstained altar of Trog.
  1204 | D:2      | Reached XP level 3. HP: 32/37 MP: 6/6
  1304 | D:2      | Found a faded altar of an unknown god.
  2092 | D:3      | Reached XP level 4. HP: 43/48 MP: 7/7
  2163 | D:3      | HP: 2/48 [wyvern skeleton (1)]
  2514 | D:3      | Noticed a scorpion
  2538 | D:4      | Reached skill level 4 in Fighting
  2613 | D:4      | HP: 1/48 [killer bee zombie (6)]
  2613 | D:4      | Slain by a killer bee zombie

Illustrated notes

Levels and vault maps discovered:
D:1:      dpeg_arrival_rhombus, layout_basic
D:2:      layout_basic, basic_altar, hellmonk_ecumenical_altar_inner_sanctum,
          minmay_hexomino_u4
D:3:      layout_loops_ring, marbit_many_paths, serial_shops, shop_fountains,
          shop
D:4:      layout_rooms

Skill      XL: |  1  2  3  4 |
---------------+-------------+-----
Fighting       | 3 4 |  4.0
Polearms       | 3 |  3.0
Throwing       | |  1.0
Dodging        | |  2.9
Spellcasting   | |  2.4
Translocations | |  2.6

Action                   |  1- 3 |  4- 6 || total
-------------------------+-------+-------++-------
Melee: Spear             |   153 |    38 ||   191
Throw: Boomerang         |     2 |     1 ||     3
  Use: Scroll            |     6 |       ||     6
       Potion            |       |     1 ||     1
Armor: Robe              |    47 |     5 ||    52
Dodge: Dodged            |    61 |    18 ||    79

Table legend: (Time is in decaauts)
 A = Elapsed time spent in this place.
 B = Non-inter-level travel time spent in this place.
 C = Inter-level travel time spent in this place.
 D = Time resting spent in this place.
 E = Time spent auto-exploring this place.
 F = Levels seen in this place.
 G = Mean time per level.
                   A        B        C        D        E       F      G
               +--------+--------+--------+--------+--------+-----+--------+
         Total |   2607 |   2590 |     17 |    488 |   1576 |   4 |  651.8 |
       Dungeon |   2607 |   2590 |     17 |    488 |   1576 |   4 |  651.8 |
               +--------+--------+--------+--------+--------+-----+--------+

Top non-repeatable levels by time:
     D:2: 1082 daAuts
     D:1: 869 daAuts
     D:3: 576 daAuts
     D:4: 79 daAuts
